 Dungeon Crawl Stone Soup version 0.19.1 (webtiles) character file.

266 Kwzr the Insei (level 6, -1/47 HPs)
             Began as a Demonspawn Transmuter on Dec 24, 2016.
             Was an Initiate of Makhleb.
             Slain by an orc warrior
             ... wielding a +0 long sword
             ... created by the fury of Okawaru
              (3 damage)
             ... on level 6 of the Dungeon on Dec 27, 2016.
             The game lasted 00:25:00 (4450 turns).

Kwzr the Insei (Demonspawn Transmuter)              Turns: 4450, Time: 00:25:00

Health: -1/47      AC:  4    Str: 17    XL:     6   Next: 0%
Magic:  6/9        EV: 18    Int: 20    God:    Makhleb [......]
Gold:   162        SH:  0    Dex: 18    Spells: 3 memorised, 3 levels left

rFire  . . .     SeeInvis .       - Unarmed
rCold  . . .     Gourm    .     b - +0 robe
rNeg   . . .     Faith    .     (no shield)
rPois  +         Spirit   .     (no helmet)
rElec  .         Reflect  .     f - +0 cloak (curse)
rCorr  .         Harm     .     y - +0 pair of gloves
MR     .....                    (no boots)
Stlth  ++++......               x - amulet of regeneration
                                k - ring of poison resistance
                                s - +5 ring of intelligence

@: mighty, agile, very slightly contaminated, hasted and slowed
A: nightstalker 1, sturdy frame 2
a: Renounce Religion


You were on level 6 of the Dungeon.
You worshipped Makhleb.
Makhleb was noncommittal.
You were not hungry.

You visited 2 branches of the dungeon, and saw 7 of its levels.

You collected 162 gold pieces.

Inventory:

Hand Weapons
 h - a +1 dagger of venom
Missiles
 a - 24 arrows (quivered)
Armour
 b - a +0 robe (worn)
 f - a cursed +0 cloak (worn)
 g - a +0 shield
 v - a +1 cloak
 y - a +0 pair of gloves (worn)
Jewellery
 k - a ring of poison resistance (right hand)
 s - a +5 ring of intelligence (left hand)
 x - an amulet of regeneration (around neck)
Wands
 A - a wand of iceblast (11/15)
Potions
 e - a potion of flight {unknown}
 j - a potion of lignification {unknown}
 l - a potion of berserk rage {unknown}
 n - 2 potions of brilliance {unknown}
 r - a potion of degeneration {unknown}
 t - a potion of ambrosia {unknown}
 u - 2 potions of curing
 w - a potion of heal wounds
Books
 c - a book of Changes

   Spells                             Type                      Level
   a - Beastly Appendage              Transmutation                1
   b - Sticks to Snakes               Transmutation                2
   c - Spider Form                    Transmutation/Poison         3
   d - Ice Form                       Ice/Transmutation            4
   e - Blade Hands                    Transmutation                5
Comestibles
 d - 4 bread rations
 i - a fruit
 o - 3 meat rations
 p - 2 slices of pizza
 B - 2 chunks of flesh


   Skills:
 - Level 3.5 Fighting
 - Level 2.0 Dodging
 - Level 0.2 Stealth
 + Level 4.3 Unarmed Combat
 - Level 2.1 Spellcasting
 + Level 2.1 Transmutations
 - Level 2.0 Poison Magic


You had 3 spell levels left.
You knew the following spells:

 Your Spells              Type           Power        Failure   Level  Hunger
a - Beastly Appendage     Tmut           ##....       10%         1    #......
b - Sticks to Snakes      Tmut           ##......     12%         2    ##.....
c - Spider Form           Tmut/Pois      ##........   21%         3    ###....


Dungeon Overview and Level Annotations

Branches:
Dungeon (6/15)             Temple (1/1) D:4

Altars:
Cheibriados
Elyvilon
Fedhas
Hepliaklqana
Kikubaaqudgha
Makhleb
Nemelex Xobeh
Okawaru
Qazlal
Sif Muna
Trog
Uskayaw
Vehumet
Yredelemnul
Zin
The Shining One

Annotations:
D:3 dricus's ghost, amateur DECj


Innate Abilities, Weirdness & Mutations

You are slightly more attuned to the shadows.
Your movements are less encumbered by armour. (ER -4)


Message History

The orc warrior hits you with a long sword!
The orc warrior hits you with a flail!!
Okay, then.
Casting: Spider Form
Confirm with . or Enter, or press ? or * to list all spells.
You miscast Spider Form.
The air around you crackles with energy!
The orc warrior misses you. The orc warrior hits you with a flail!
* * * LOW HITPOINT WARNING * * *
An orc comes into view. It is wielding a short sword.
You punch the orc warrior!
The orc warrior is moderately wounded.
The orc warrior hits you but does no damage.
The orc warrior misses you.
You punch the orc warrior!
The orc warrior is heavily wounded.
You hit the orc warrior.
The orc warrior is severely wounded.
The orc warrior hits you with a long sword.
You die...

#####'##
#.#
#######.#
........##
##..##...##
#
#.os..####
#.ooo......
#.#o#######
...#@#
#..###o#
#....oo#
..o##### #


You could see 2 orc warriors, a scorpion, an orc priest, an orc wizard and 4
orcs.

Vanquished Creatures
  A hound (D:4)
  An orc priest (D:4)
  3 orc wizards (D:4)
  A worker ant (D:4)
  2 adders
  An ooze (D:2)
  3 worms (D:2)
  2 dart slugs (D:2)
  4 leopard geckos
  5 orcs (D:4)
  5 giant cockroaches
  5 goblins
  6 hobgoblins
  6 jackals (D:2)
  A quokka (D:4)
  2 bats
  A frilled lizard (D:3)
  8 kobolds
  A quokka skeleton (D:4)
  3 rats (D:2)
61 creatures vanquished.

Vanquished Creatures (collateral kills)
  A jackal (D:2)
  A kobold (D:3)
2 creatures vanquished.

Grand Total: 63 creatures vanquished

Notes
Turn   | Place    | Note
-------+----------+-------------------------------------------
     0 | D:1      | Kwzr the Demonspawn Transmuter began the quest for the Orb.
     0 | D:1      | Reached XP level 1. HP: 15/15 MP: 3/3
   358 | D:1      | Reached skill level 3 in Unarmed Combat
   819 | D:1      | Gained mutation: You are slightly more attuned to the shadows. [demonic ancestry]
   819 | D:1      | Reached XP level 2. HP: 15/21 MP: 5/5
   854 | D:3      | Noticed dricus's ghost (amateur DECj)
   983 | D:2      | Learned a level 2 spell: Sticks to Snakes
  1090 | D:2      | Reached XP level 3. HP: 13/26 MP: 6/6
  1097 | D:2      | Learned a level 3 spell: Spider Form
  1137 | D:2      | Found a blossoming altar of Fedhas.
  1580 | D:2      | Reached skill level 1 in Poison Magic
  1705 | D:2      | HP: 1/26 [leopard gecko (4)]
  2218 | D:2      | Reached XP level 4. HP: 19/32 MP: 7/7
  2741 | D:5      | Entered Level 5 of the Dungeon
  3396 | D:4      | Found a staircase to the Ecumenical Temple.
  3404 | Temple   | Entered the Ecumenical Temple
  3491 | Temple   | Became a worshipper of Warmaster Okawaru
  3565 | Temple   | Fell from the grace of Okawaru
  3565 | Temple   | Became a worshipper of Makhleb the Destroyer
  3833 | D:4      | Gained mutation: Your movements are slightly less encumbered by armour. (ER -2) [demonic ancestry]
  3833 | D:4      | Reached XP level 5. HP: 18/41 MP: 8/8
  4331 | D:4      | Reached skill level 4 in Unarmed Combat
  4337 | D:4      | Gained mutation: Your movements are less encumbered by armour. (ER -4) [demonic ancestry]
  4337 | D:4      | Reached XP level 6. HP: 17/47 MP: 4/9
  4442 | D:6      | Noticed an orc warrior
  4442 | D:6      | Noticed an orc warrior
  4447 | D:6      | HP: 1/47 [orc warrior/flail[the fury of Okawaru] (15)]
  4450 | D:6      | Slain by an orc warrior

Skill      XL: |  1  2  3  4  5 |
---------------+----------------+-----
Unarmed Combat | 3 4 |  4.3
Dodging        | 2 |  2.0
Transmutations | 2 |  2.1
Poison Magic   | 1 2 |  2.0
Fighting       | 3 |  3.5
Stealth        | |  0.2
Spellcasting   | |  2.1

Action                   |  1- 3 |  4- 6 || total
-------------------------+-------+-------++-------
Melee: Unarmed           |   166 |   109 ||   275
       Kick              |    13 |     2 ||    15
       Punch             |     3 |     3 ||     6
       Headbutt          |     3 |     7 ||    10
 Cast: Beastly Appendage |    10 |     8 ||    18
       Sticks to Snakes  |     5 |     4 ||     9
       Spider Form       |     1 |     3 ||     4
  Use: Scroll            |       |    10 ||    10
       Potion            |       |     3 ||     3
 Stab: Sleeping          |     6 |     1 ||     7
       Distracted        |     2 |       ||     2
  Eat: Chunk             |     4 |     8 ||    12
       Fruit             |       |     1 ||     1
Armor: Robe              |    28 |    27 ||    55
Dodge: Dodged            |    94 |    53 ||   147
